[Event "Istanbul Open 2018"]
[Site "Istanbul"]
[Date "2018.09.02"]
[Round "2"]
[White "Yildiz, Erhan"]
[Black "Acikgoz, Onder"]
[Result "0-1"]
[ECO "C01"]
[WhiteElo "1777"]
[BlackElo "1565"]
[Annotator "NA"]
[PlyCount "160"]
[EventDate "2018.09.02"]
[EventType "swiss"]
[EventCountry "TUR"]
[SourceTitle "playchess.com"]
[Source "ChessBase"]
[SourceQuality "1"]
[TimeControl "5400+30"]

1. e4 e6 2. d4 d5 3. exd5 exd5 4. Bd3 Nf6 5. Nf3 Bd6 6. O-O O-O 7. Bg5 h6 8. Bh4 Bg4 9. Re1 Nbd7 10. Nbd2 c6 11. h3 Bxf3 12. Nxf3 Qc7 13. Bxf6 Nxf6 14. Nh4 g6 15. Qf3 Kg7 16. Re2 Rfe8 17. Rae1 Rxe2 18. Rxe2 Re8 19. Rxe8 Nxe8 20. Qg4 Nf6 21. Nf5+ Kf8 22. Qh4 Ng8 23. Nxh6 Be7 24. Qg4 Nxh6 25. Qf3 Kg7 26. g4 Bg5 27. c3 Qf4 28. Qe2 Ng8 29. Kg2 Nf6 30. a4 a5 31. Qe1 Qd2 32. Qe2 Qxe2 33. Bxe2 Bc1 34. b4 Bd2 35. bxa5 Bxc3 36. a6 bxa6 37. Bxa6 Bxd4 38. Bb7 c5 39. g5 Ne4 40. Bxd5 Nxg5 41. a5 Be5 42. a6 Bb8 43. f4 Ne6 44. Kf3 Nxf4 45. a7 Bxa7 46. Kxf4 Kf6 47. Kg4 Bb8 48. Bc4 Bd6 49. h4 Kg7 50. Be2 f5+ 51. Kf3 Kf6 52. Ke3 Bf8 53. Kd3 Ke5 54. h5 g5 55. Ke3 g4 56. Bd3 Bh6+ 57. Kf2 Bg5 58. Kg3 Bf4+ 59. Kf2 Kf6 60. Bc4 Bh6 61. Kg3 Kg5 62. Bf7 f4+ 63. Kf2 Kf6 64. Bb3 Ke5 65. Bf7 Kd4 66. Be6 g3+ 67. Kf3 c4 68. Bf5 c3 69. Bc2 Kc4 70. Be4 Kb3 71. Kg4 c2 72. Bxc2+ Kxc2 73. Kf5 f3 74. Kg6 Bd2 75. h6 Bxh6 76. Kh5 g2 77. Kh4 g1=Q 78. Kh3 Bf4 79. Kh4 Qg3+ 80. Kh5 Qg5# 0-1

[Event "Istanbul Open 2018"]
[Site "Istanbul"]
[Date "2018.09.02"]
[Round "2"]
[White "Kaymak, Cenk Bahadir"]
[Black "Gundogan, Sinem Cagla"]
[Result "0-1"]
[ECO "E01"]
[WhiteElo "1543"]
[BlackElo "1834"]
[Annotator "NA"]
[PlyCount "108"]
[EventDate "2018.09.02"]
[EventType "swiss"]
[EventCountry "TUR"]
[SourceTitle "playchess.com"]
[Source "ChessBase"]
[SourceQuality "1"]
[TimeControl "5400+30"]

1. d4 d5 2. Nf3 Nf6 3. g3 c6 4. Bg2 Nbd7 5. O-O e6 6. b3 Bd6 7. Bb2 Qc7 8. c4 b6 9. Nbd2 {[%emt 0:02:30] E01: Catalan: Early deviations} O-O 10. Re1 Bb7 11. Rc1 c5 $146 ({Predecessor:} 11... Rad8 12. Qc2 Rfe8 13. e4 dxe4 14. Nxe4 Nxe4 15. Rxe4 c5 16. Rh4 {½-½ (49) Bryakin,M (2333)-Mestnikov,A (2241) Moscow 2017}) 12. cxd5 exd5 13. e3 Rfc8 14. dxc5 bxc5 15. Qc2 (15. e4 $5 dxe4 16. Ng5 $14) 15... a5 16. Ba1 {[%emt 0:01:30] [#]} a4 $1 17. Red1 axb3 18. axb3 Ra7 19. Bc3 Rca8 20. Ra1 Rxa1 21. Rxa1 Rxa1+ 22. Bxa1 Ba6 23. Qa2 Qb6 24. h3 h6 25. Bf1 Bxf1 26. Kxf1 Qb5+ 27. Kg2 Qd3 28. Qa8+ Kh7 29. Qc6 Bf8 30. Qc8 ({Better is} 30. Qb7 $16) 30... Be7 31. Qc7 (31. Bxf6 $14 Nxf6 32. Qc7) 31... Qf5 32. Qc6 Qe6 33. Qa4 Bd6 34. Qh4 Kg8 35. Qa4 Ne5 36. Nxe5 Bxe5 37. Bxe5 Qxe5 38. Qb5 Qc3 39. Qe2 Qc2 40. Kf1 Ne4 41. Nxe4 Qxe4 42. Qb5 c4 43. bxc4 dxc4 44. Qb8+ Kh7 45. Qf4 Qd3+ 46. Ke1 c3 47. e4 Qb1+ 48. Ke2 Kg8 49. Qf5 Qa2+ 50. Kd3 Qd2+ 51. Kc4 g6 52. Qc8+ Kg7 53. Qc5 c2 $19 54. Qe5+ Kh7 0-1

[Event "Istanbul Open 2018"]
[Site "Istanbul"]
[Date "2018.09.02"]
[Round "2"]
[White "Ozgur, Sina"]
[Black "Yetkin, Ayhan"]
[Result "0-1"]
[ECO "A56"]
[WhiteElo "1524"]
[BlackElo "1801"]
[Annotator "NA"]
[PlyCount "132"]
[EventDate "2018.09.02"]
[EventType "swiss"]
[EventCountry "TUR"]
[SourceTitle "playchess.com"]
[Source "ChessBase"]
[SourceQuality "1"]
[TimeControl "5400+30"]

1. d4 Nf6 2. c4 c5 3. d5 e5 4. Nc3 d6 5. e4 Be7 6. Nf3 O-O 7. Be2 Nbd7 8. O-O a6 9. Bg5 {[%emt 0:01:30] A56: Czech Benoni} (9. a3 Ne8 10. b4 b6 11. Rb1 g6 12. Bh6 Ng7 13. Qd2 Nf6 14. Ne1 Kh8 15. Nd3 Ng8 16. Be3 f5 17. f3 {1-0 (49) So,W (2668)-Flores,D (2615) Khanty-Mansiysk 2010}) 9... Ne8 10. Be3 g6 11. Nd2 Bg5 12. f4 ({White should try} 12. a3 $14) 12... exf4 $146 ({Predecessor:} 12... Bh6 13. Rf2 {0-1 (57) Choque Paredes,J-Padilla,H Peru 2000}) 13. Bxf4 Bxf4 14. Rxf4 Ne5 15. Qf1 Ng7 16. Rf6 Nf5 (16... Bd7 $15) 17. Rxf5 $1 gxf5 18. exf5 f6 19. Nde4 Qe7 20. Qf4 Bd7 21. g4 {[%emt 0:06:30] [#]} ({Better is} 21. a4 $14) 21... Kh8 ({Black should try} 21... b5 $1 $15 ) 22. Kh1 (22. a4 $1 $14) 22... Rg8 23. Rg1 Nf7 24. h4 h6 25. Rg2 Rg7 26. g5 hxg5 27. hxg5 Rh7+ 28. Rh2 fxg5 29. Rxh7+ Kxh7 30. Qh2+ Kg8 31. f6 Qf8 32. Bh5 Bf5 33. Qf2 Qh6 34. Qxf5 Qxh5+ 35. Kg1 Re8 36. Qd7 Rd8 37. Qe6 Kf8 38. Qe7+ Kg8 39. Qe6 g4 40. Ne2 b5 41. N2g3 Qh4 42. Qf5 Qh7 43. Qe6 Qg6 44. Nf5 Kh8 45. Nexd6 Nxd6 46. Nxd6 Qb1+ 47. Kg2 Qxb2+ 48. Kg1 Qa1+ 49. Kg2 Qxa2+ 50. Kg1 Qb1+ 51. Kg2 Qc2+ 52. Kg1 Qd1+ 53. Kg2 Qf3+ 54. Kg1 Qg3+ 55. Kf1 Qxd6 56. Qf7 Qd7 57. Qh5+ Qh7 58. Qe5 Qd3+ 59. Kg2 Qf3+ 60. Kg1 Qd1+ 61. Kg2 Qd2+ 62. Kf1 Qh6 63. f7+ Kh7 64. Qf5+ $19 Kg7 65. Kg2 Qh3+ 66. Kg1 Qg3+ 0-1

[Event "Istanbul Open 2018"]
[Site "Istanbul"]
[Date "2018.09.02"]
[Round "2"]
[White "Ozen, Metehan"]
[Black "Acar, Cengiz Can"]
[Result "1/2-1/2"]
[ECO "B13"]
[WhiteElo "1438"]
[BlackElo "1755"]
[Annotator "NA"]
[PlyCount "49"]
[EventDate "2018.09.02"]
[EventType "swiss"]
[EventCountry "TUR"]
[SourceTitle "playchess.com"]
[Source "ChessBase"]
[SourceQuality "1"]
[TimeControl "5400+30"]

1. d4 g6 2. Nf3 Bg7 3. Bf4 c5 4. e3 Nf6 5. c3 cxd4 6. exd4 d5 7. Nbd2 O-O 8. Bd3 Nc6 9. h3 Re8 10. O-O Nh5 11. Bh2 e5 12. dxe5 Nxe5 13. Nxe5 Bxe5 14. Bxe5 Rxe5 15. Nf3 Re8 16. Re1 Rxe1+ 17. Qxe1 Be6 18. Nd4 Nf4 19. Bf1 Qg5 20. Nxe6 fxe6 21. Qe3 e5 22. g3 Ne6 23. Qxg5 Nxg5 24. Bg2 Rd8 25. Rd1 1/2-1/2

[Event "Istanbul Open 2018"]
[Site "Istanbul"]
[Date "2018.09.03"]
[Round "3"]
[White "Mohannad, Farhan"]
[Black "Gulsoy, Mustafa Alpago"]
[Result "1/2-1/2"]
[ECO "D37"]
[WhiteElo "2201"]
[BlackElo "2061"]
[Annotator "NA"]
[PlyCount "95"]
[EventDate "2018.09.02"]
[EventType "swiss"]
[EventCountry "TUR"]
[SourceTitle "playchess.com"]
[Source "ChessBase"]
[SourceQuality "1"]
[TimeControl "5400+30"]

1. d4 Nf6 2. c4 e6 3. Nf3 d5 4. Nc3 a6 5. cxd5 exd5 6. Bg5 {[%emt 0:00:00] D37: Queen's Gambit Declined: 5 Bf4} Be7 (6... Be6 7. e3 Nbd7 8. Bd3 Bd6 9. Bf4 Qe7 10. O-O O-O 11. h3 Rfe8 12. Qc2 {½-½ (12) Aronian,L (2805)-Carlsen,M (2837) Riadh 2017}) 7. e3 h6 {[%emt 0:01:30] LiveBook: 5 Games} 8. Bh4 O-O 9. Bd3 Re8 10. Qc2 c6 11. O-O Ne4 12. Bxe7 Qxe7 13. Bxe4 dxe4 14. Nd2 Bf5 {[%emt 0:00:00] [#]} 15. f3 $1 Qg5 16. fxe4 $146 Qxe3+ 17. Kh1 Bg6 18. d5 Nd7 19. dxc6 bxc6 20. Rae1 Qg5 21. Nf3 Qg4 22. h3 Qh5 23. Nd4 c5 24. Nf5 Re5 25. Qd3 Nf6 26. Qd6 Re6 27. Qxc5 Rae8 28. b4 Nxe4 29. Rxe4 Rxe4 30. Nxe4 Rxe4 31. Ne7+ Kh7 32. Nxg6 Qxc5 33. bxc5 Kxg6 34. Rc1 Re7 35. Rb1 Rc7 36. Rb6+ Kf5 37. c6 a5 $1 38. Ra6 Ke6 39. g4 Kd5 40. Rxa5+ Kxc6 41. Re5 Kd6 42. Re2 Rc3 43. Kg2 g5 44. a4 Ra3 45. Re4 Ra2+ 46. Kf3 Ra3+ 47. Kg2 Ra2+ 48. Kf3 $11 1/2-1/2

[Event "Istanbul Open 2018"]
[Site "Istanbul"]
[Date "2018.09.03"]
[Round "3"]
[White "Abishli, Oghuz"]
[Black "Acarbay, Aydin"]
[Result "1-0"]
[ECO "D94"]
[WhiteElo "2099"]
[BlackElo "1894"]
[Annotator "NA RC"]
[PlyCount "91"]
[EventDate "2018.09.02"]
[EventType "swiss"]
[EventCountry "TUR"]
[SourceTitle "playchess.com"]
[Source "ChessBase"]
[SourceQuality "1"]
[TimeControl "5400+30"]

1. d4 d5 2. c4 c6 3. Nf3 Nf6 4. e3 g6 5. Nc3 Bg7 6. Be2 O-O 7. O-O Be6 8. cxd5 {[%emt 0:07:00] LiveBook: 70 Games} cxd5 9. Qb3 {[%emt 0:02:30] D94: Grünfeldindisch (Geschlossenes System)} Nc6 $146 ({Vorgänger:} 9... Qb6 10. Qxb6 axb6 11. Bd2 Ne4 12. Rfc1 Nc6 13. Be1 Rfc8 14. Nxe4 dxe4 15. Nd2 Nb4 16. Rxc8+ Rxc8 17. Nxe4 {½-½ (31) Predojevic,B (2604)-Vachier Lagrave,M (2768) Tromsoe 2014}) 10. Qxb7 Na5 11. Qb5 Rc8 12. Ne5 Qc7 13. f3 Rfd8 14. Qa4 Nc4 15. Nxc4 dxc4 16. Bd2 Bf5 17. Nb5 Qb8 18. Bxc4 a6 {[%emt 0:00:30] [#]} (18... Nd7 $16 {is a better defense.}) 19. Na3 $1 Qxb2 20. Qb4 Rb8 21. Qxb2 Rxb2 22. Bc3 Rbb8 23. e4 Bc8 24. Rab1 Bb7 25. Rb3 Ba8 (25... Nd7 $16 {kämpft weiter.} 26. Rfb1 Bc6 27. Rxb8 (27. Bxa6 Ra8 $16) 27... Rxb8 28. Rxb8+ Nxb8) 26. Rfb1 Rxb3 27. Rxb3 Ne8 28. Nc2 ({Bloß nicht} 28. Bxa6 $6 Bxd4+ 29. Bxd4 Rxd4 $16) 28... Bc6 29. Bxa6 Ba4 30. Rb2 Ra8 31. Bb7 Rb8 32. Ne3 Nd6 {[%emt 0:00:12] [#]} 33. Ba6 $1 Ra8 34. Bc4 Nxc4 35. Nxc4 Rc8 36. Rb4 Bc2 {[%emt 0:00:19] [#]} 37. Bb2 $1 Bd3 38. Ne3 Bb1 (38... Bh6 $16) 39. a4 Ba2 40. d5 Bf8 41. e5 Bh6 42. f4 Rd8 43. Rd4 Kg7 (43... f6 $142 44. exf6 exf6) 44. Ba3 Rd7 (44... Kf8 {is a better defense.} 45. Kf2 Ke8) 45. a5 Ra7 $18 46. Bb4 1-0

[Event "Istanbul Open 2018"]
[Site "Istanbul"]
[Date "2018.09.02"]
[Round "3"]
[White "Guven, Oguz Kagan"]
[Black "Nuri, Murad"]
[Result "1/2-1/2"]
[ECO "B30"]
[WhiteElo "2022"]
[BlackElo "2284"]
[Annotator "NA"]
[PlyCount "31"]
[EventDate "2018.09.02"]
[EventType "swiss"]
[EventCountry "TUR"]
[SourceTitle "playchess.com"]
[Source "ChessBase"]
[SourceQuality "1"]
[TimeControl "5400+30"]

1. e4 c5 2. Nf3 Nf6 3. Nc3 Nc6 4. Bb5 Qc7 5. O-O d6 (5... e5 $11 {keeps the balance.}) 6. h3 (6. d4 $14) 6... a6 7. Bxc6+ Qxc6 8. e5 dxe5 9. Nxe5 Qd6 10. Re1 e6 11. d3 Be7 12. Bf4 $14 Qd8 13. a4 O-O 14. Qf3 Nd5 15. Nxd5 exd5 16. Re2 1/2-1/2

[Event "Istanbul Open 2018"]
[Site "Istanbul"]
[Date "2018.09.02"]
[Round "3"]
[White "Kuseyri, Mehmet Ali"]
[Black "Darban, Morteza"]
[Result "0-1"]
[ECO "A42"]
[WhiteElo "1962"]
[BlackElo "2333"]
[Annotator "ChessBase"]
[PlyCount "46"]
[EventDate "2018.09.02"]
[EventType "swiss"]
[EventCountry "TUR"]
[SourceTitle "playchess.com"]
[Source "ChessBase"]
[SourceQuality "1"]
[TimeControl "5400+30"]

1. d4 g6 2. c4 Bg7 3. e4 d6 4. Nc3 Nd7 5. Nf3 e5 6. Be2 Ne7 7. h4 h6 8. dxe5 dxe5 9. Be3 Nc6 10. Qd2 Nf8 11. Nd5 Ne6 12. Nb4 Qxd2+ 13. Bxd2 Bd7 14. Nc2 Nc5 15. Be3 Nxe4 16. a4 a5 17. O-O O-O-O 18. Rfc1 Bg4 19. Rd1 f5 20. Rxd8+ Rxd8 21. Rd1 Rxd1+ 22. Bxd1 Nd6 23. c5 Ne8 0-1

[Event "Istanbul Open 2018"]
[Site "Istanbul"]
[Date "2018.09.02"]
[Round "3"]
[White "Aydin, Kaan Ayhan"]
[Black "Ozkan, Taha"]
[Result "1-0"]
[ECO "B40"]
[WhiteElo "1877"]
[BlackElo "1997"]
[Annotator "NA"]
[PlyCount "57"]
[EventDate "2018.09.02"]
[EventType "swiss"]
[EventCountry "TUR"]
[SourceTitle "playchess.com"]
[Source "ChessBase"]
[SourceQuality "1"]
[TimeControl "5400+30"]

1. e4 c5 2. Nf3 e6 3. d4 cxd4 4. Nxd4 Qb6 5. Nb5 a6 6. Be3 Qa5+ 7. N5c3 Nf6 8. Nd2 Qc7 9. Nc4 Nc6 10. Bb6 Qb8 11. Qe2 Ne5 12. O-O-O Be7 $16 ({Black should play} 12... Nxc4 13. Qxc4 Be7) 13. Ne3 d6 14. f4 Ned7 15. Nc4 O-O 16. e5 Ne8 17. Bd4 b5 18. exd6 Nxd6 19. Nxd6 Bxd6 20. g3 Bb7 21. Bg2 Rd8 22. Bxb7 Qxb7 23. Rhe1 Bf8 24. Ne4 Rac8 25. Ng5 Nc5 26. Bxc5 Rxd1+ 27. Rxd1 Rxc5 28. Qe4 Qc7 29. Qxh7# 1-0

[Event "Istanbul Open 2018"]
[Site "Istanbul"]
[Date "2018.09.03"]
[Round "3"]
[White "Emir, Emirhan"]
[Black "Ozsakallioglu, Akin"]
[Result "1/2-1/2"]
[ECO "A26"]
[WhiteElo "1852"]
[BlackElo "1861"]
[Annotator "NA RC"]
[PlyCount "106"]
[EventDate "2018.09.02"]
[EventType "swiss"]
[EventCountry "TUR"]
[SourceTitle "playchess.com"]
[Source "ChessBase"]
[SourceQuality "1"]
[TimeControl "5400+30"]

1. c4 e5 2. Nc3 Nc6 3. g3 g6 4. Bg2 Bg7 5. d3 {[%emt 0:00:30] LiveBook: 1043 Games} Nge7 6. Bg5 {[%emt 0:04:30] A26: English Opening vs King's Indian with ...Nc6 and d3} (6. Rb1 O-O 7. b4 a6 8. e3 d6 9. Nge2 Be6 10. Nd5 Qd7 11. O-O f5 12. a4 Bf7 13. b5 axb5 14. axb5 {½-½ (34) Izoria,Z (2599)-Li,R (2576) chess.com INT 2018}) 6... h6 7. Bd2 d6 8. Rb1 Be6 9. b4 Qd7 $146 ({Predecessor:} 9... d5 10. b5 Nd4 11. c5 O-O 12. e3 Ndf5 13. Qc2 d4 14. Na4 dxe3 15. fxe3 {½-½ (48) Malinicheva,L (2015)-Drogovoz,M (1791) Ivanovo 2011}) 10. Nd5 Nd8 11. Qc1 c6 12. Nxe7 Qxe7 13. b5 c5 14. Nf3 f5 15. O-O g5 16. Bc3 Bf6 17. e3 h5 18. Nd2 h4 19. f4 Qh7 20. fxe5 dxe5 21. g4 h3 22. Bh1 Qh4 23. Qd1 f4 24. Ne4 Bg7 25. Bf3 O-O 26. Qe1 Qh6 27. Nxc5 Rc8 (27... Bf7 {was necessary.} 28. Bb4 Re8) 28. Nxe6 Nxe6 29. Bxb7 Rc7 30. Bd5 Re8 31. exf4 exf4 32. Bxg7 Qxg7 33. b6 axb6 34. Rxb6 Rce7 35. Rxe6 Rxe6 (35... Kh8 ) 36. Bxe6+ Kh8 37. Qe4 Qb2 38. Qf3 Rxe6 39. Qxh3+ Kg7 {[%emt 0:00:08] [#]} 40. Qf3 $1 Qxa2 41. Qd5 Qa7+ 42. c5 Qe7 {[%emt 0:00:04] [#]} 43. Qd4+ $1 Kg6 44. Qd5 ({Weiss kommt nicht vorbei an} 44. h4 $1 $16 Re5 45. hxg5 Qxc5 46. Rxf4) 44... Re5 45. Qg8+ Kh6 46. d4 Re2 47. Qh8+ Kg6 48. Qg8+ Kh6 49. Qd5 Qe3+ 50. Kh1 Qh3 51. Qd6+ Kh7 52. Qd7+ Kh8 $11 53. Qd8+ Kh7 1/2-1/2

[Event "Istanbul Open 2018"]
[Site "Istanbul"]
[Date "2018.09.03"]
[Round "3"]
[White "Ozveren, Ali Bulent"]
[Black "Tirak, Mert"]
[Result "0-1"]
[ECO "B23"]
[WhiteElo "1849"]
[BlackElo "1941"]
[Annotator "NA"]
[PlyCount "78"]
[EventDate "2018.09.02"]
[EventType "swiss"]
[EventCountry "TUR"]
[SourceTitle "playchess.com"]
[Source "ChessBase"]
[SourceQuality "1"]
[TimeControl "5400+30"]

1. e4 c5 2. Nc3 a6 3. g3 b5 4. Bg2 Bb7 5. d3 e6 6. Nge2 {[%emt 0:01:30] B23: Closed Sicilian: Lines without g3} (6. f4 Be7 7. Nh3 b4 8. Ne2 Nf6 9. O-O d6 10. Nf2 Nc6 11. c3 bxc3 12. bxc3 O-O 13. Rb1 Qc7 14. g4 {½-½ (44) Li,R (2583)-Kovalyov,A (2658) Philadelphia 2018}) 6... b4 7. Nb1 d5 8. O-O Nf6 9. Nd2 Nc6 10. exd5 Nxd5 11. Nc4 $146 ({Predecessor:} 11. Ne4 Be7 12. Nf4 O-O 13. Be3 Nxe3 14. fxe3 g6 {0-1 (35) Riva,E (1687)-Almiron,A (2128) Asuncion 2011}) 11... Be7 12. Nf4 Nb6 13. Ne5 Qc7 14. Nxf7 Kxf7 15. Nxe6 Kxe6 16. Re1+ Kf7 17. Bf4 Qd7 18. c3 g6 19. Qb3+ Kg7 20. cxb4 Nd4 21. Be5+ Bf6 22. Bxd4 Bxd4 23. bxc5 Bxg2 24. Kxg2 Bxc5 25. Re4 Rad8 26. Rc1 Bd4 27. Qb4 Rhe8 28. Rce1 Rxe4 29. Rxe4 Qd6 30. Qe1 Qd5 31. f3 Bf6 32. Qe3 Nc8 33. Rc4 Nd6 34. Rc7+ Nf7 35. Qa7 Qxa2 36. Kh3 Qe6+ 37. g4 Rxd3 38. Qb7 h5 39. Rc2 Qxg4# 0-1

[Event "Istanbul Open 2018"]
[Site "Istanbul"]
[Date "2018.09.03"]
[Round "3"]
[White "Gundogan, Sinem Cagla"]
[Black "Satici, Aydin"]
[Result "1/2-1/2"]
[ECO "A04"]
[WhiteElo "1834"]
[BlackElo "1605"]
[Annotator "NA RC"]
[PlyCount "102"]
[EventDate "2018.09.02"]
[EventType "swiss"]
[EventCountry "TUR"]
[SourceTitle "playchess.com"]
[Source "ChessBase"]
[SourceQuality "1"]
[TimeControl "5400+30"]

1. e4 c5 2. Nf3 d6 3. d3 Nc6 4. g3 g6 5. Bg2 Bg7 6. O-O Rb8 {[%emt 0:01:30] LiveBook: 13 Games} 7. Re1 {[%emt 0:02:00] A04: Unusual lines after 1 Nf3 and King's Indian Attack} e5 8. c3 Nge7 9. Be3 $146 ({Predecessor:} 9. a3 O-O 10. Be3 Qc7 11. d4 b6 12. a4 h6 13. Na3 a6 14. Qd2 Kh7 {1-0 (40) Sagalchik,G (2525)-Ciaffone,R (2245) North Bay 1996}) 9... Bg4 10. h3 Bxf3 11. Bxf3 O-O 12. Bg2 f5 13. Qd2 Qc7 14. Na3 b5 15. Nc2 b4 16. cxb4 Nxb4 17. Na3 f4 18. gxf4 exf4 19. Bxf4 Rxf4 20. Qxf4 Nxd3 21. Qe3 Nxe1 22. Rxe1 Bd4 23. Qd3 Rxb2 24. Rf1 Qd7 25. Nc4 Rb4 26. a3 Rb8 27. Qg3 Rd8 28. Bf3 Qe6 29. Rc1 Nc6 30. Bg4 Qf6 31. Kg2 Ne5 32. Be2 Rf8 33. Rf1 Kg7 34. f4 Nxc4 35. Bxc4 Rb8 36. Qg4 Qe7 37. Bd5 h5 38. Qf3 (38. Qg5 $17 Rb2+ 39. Kh1) 38... Rb2+ 39. Kh1 Qh4 40. Bb3 Rf2 41. Rxf2 Qxf2 42. Qxf2 Bxf2 43. Kg2 Bd4 44. Kf3 Kf6 45. Ke2 g5 46. fxg5+ Kxg5 47. Kd3 Kf6 48. Ke2 Kg5 49. Kd3 Kf4 50. Be6 Ke5 $15 51. Bd5 Bf2 1/2-1/2

[Event "Istanbul Open 2018"]
[Site "Istanbul"]
[Date "2018.09.03"]
[Round "3"]
[White "Yetkin, Ayhan"]
[Black "Tepeli, Huseyin"]
[Result "0-1"]
[ECO "B17"]
[WhiteElo "1801"]
[BlackElo "1529"]
[Annotator "NA"]
[PlyCount "74"]
[EventDate "2018.09.02"]
[EventType "swiss"]
[EventCountry "TUR"]
[SourceTitle "playchess.com"]
[Source "ChessBase"]
[SourceQuality "1"]
[TimeControl "5400+30"]

1. e4 c6 2. d4 d5 3. Nc3 dxe4 4. Nxe4 Nd7 5. Bc4 e6 6. Nf3 Ngf6 7. Ng3 Bd6 8. O-O O-O 9. Re1 {[%emt 0:02:30] B17: Caro-Kann: Modern Line (4...Nd7)} Nb6 (9... c5 10. c3 Qc7 11. Bd3 Rd8 12. Qe2 h6 13. Bc2 Bf4 14. Ne5 Bxc1 15. Raxc1 Nf8 16. dxc5 Qxc5 {0-1 (44) Buksa,N (2310)-Shkuran,D (2425) Lvov 2016}) 10. Bd3 c5 11. c3 $146 ({Predecessor:} 11. Ne4 Nxe4 12. Rxe4 c4 13. Be2 Qc7 14. h3 c3 15. bxc3 Nd5 16. Qd3 Nxc3 {0-1 (59) Bryant,B (1556)-Johanson,F (1890) IECG email 1998}) 11... cxd4 12. Nxd4 Nbd5 13. Nh5 g6 14. Nxf6+ Qxf6 15. g3 Kg7 16. Qd2 Kg8 17. Qh6 Bd7 18. Bg5 Qg7 19. Qh4 h5 20. a3 f6 21. Bd2 Rae8 22. c4 Nc7 23. Bc3 e5 24. Nb5 Nxb5 25. cxb5 Bg4 26. Bxg6 Qxg6 27. h3 Be6 28. Rad1 $19 Bc7 29. Bb4 Rf7 30. Rc1 Bb6 31. Bc5 Bxc5 32. Rxc5 Rd7 33. b4 Red8 34. Kg2 Rd1 35. Rxd1 Rxd1 36. Rc3 Bd5+ 37. f3 Rd2+ 0-1

[Event "Istanbul Open 2018"]
[Site "Istanbul"]
[Date "2018.09.03"]
[Round "3"]
[White "Gezici, Omer Ata"]
[Black "Rodriguez Fuentes, Kenan Rafael"]
[Result "1-0"]
[ECO "B54"]
[WhiteElo "1736"]
[BlackElo "1548"]
[Annotator "NA RC"]
[PlyCount "71"]
[EventDate "2018.09.02"]
[EventType "swiss"]
[EventCountry "TUR"]
[SourceTitle "playchess.com"]
[Source "ChessBase"]
[SourceQuality "1"]
[TimeControl "5400+30"]

1. e4 c5 2. Nf3 a6 3. c4 e6 4. Nc3 Nc6 5. d4 cxd4 6. Nxd4 Be7 7. Be3 d6 8. Be2 Nf6 9. O-O O-O 10. Rc1 Qc7 11. Nd5 Qd8 12. Nxe7+ Qxe7 13. f3 Nxd4 14. Bxd4 e5 15. Be3 Be6 16. Qd2 Rfd8 17. Bb6 Rdc8 18. Rfd1 Rc6 19. Ba5 Rac8 20. b3 Kh8 21. Bb4 Rd8 22. Qb2 Qc7 23. Qa3 Nh5 24. Bf1 g5 25. h3 Qb6+ 26. Kh2 Qe3 27. Rc3 Qf2 28. Bxd6 Rdxd6 29. Rxd6 Ng3 30. Rd1 Rc8 31. Qc1 Bxh3 32. Rc2 Nxf1+ 33. Rxf1 Qh4 34. gxh3 Rc6 35. Qe1 Qf4+ 36. Qg3 1-0

[Event "Istanbul Open 2018"]
[Site "Istanbul"]
[Date "2018.09.02"]
[Round "3"]
[White "Cibik, Huseyin Bora"]
[Black "Akdas, Emre"]
[Result "1/2-1/2"]
[ECO "A80"]
[WhiteElo "1666"]
[BlackElo "1684"]
[Annotator "NA"]
[PlyCount "55"]
[EventDate "2018.09.02"]
[EventType "swiss"]
[EventCountry "TUR"]
[SourceTitle "playchess.com"]
[Source "ChessBase"]
[SourceQuality "1"]
[TimeControl "5400+30"]

1. d4 f5 2. Nf3 Nf6 3. Bg5 e6 4. e3 d5 5. Bd3 Be7 6. Nbd2 Ne4 7. Bxe7 Qxe7 8. Ne5 O-O 9. Qe2 Nd7 10. Ndf3 c5 11. c3 cxd4 12. exd4 Nxe5 13. Nxe5 Qg5 14. Bxe4 fxe4 15. Qg4 Qf5 16. O-O b6 17. Qg3 Ba6 18. Rfe1 Qf4 19. f3 exf3 20. Qxf4 Rxf4 21. Nxf3 Re8 22. Re3 Rf6 23. Rae1 Re7 24. h3 Bb5 25. Ne5 Rf3 26. Nxf3 Bd3 27. Ne5 Be4 28. Rf1 1/2-1/2

[Event "Istanbul Open 2018"]
[Site "Istanbul"]
[Date "2018.09.03"]
[Round "3"]
[White "Suer, Halil Cenk"]
[Black "Kavacik, Ahmet"]
[Result "0-1"]
[ECO "A36"]
[WhiteElo "1608"]
[BlackElo "1800"]
[Annotator "NA"]
[PlyCount "71"]
[EventDate "2018.09.02"]
[EventType "swiss"]
[EventCountry "TUR"]
[SourceTitle "playchess.com"]
[Source "ChessBase"]
[SourceQuality "1"]
[TimeControl "5400+30"]

1. e4 c5 2. c4 Nc6 3. Nc3 g6 4. g3 Bg7 {[%emt 0:00:30] LiveBook: 436 Games} 5. Bg2 d6 6. d3 Nf6 7. Nge2 Bg4 8. f3 {A36: Symmetrical English vs ...g6: 4 Bg2 Bg7} (8. h3 Bxe2 9. Nxe2 Nd7 10. O-O O-O 11. Rb1 Rb8 12. Be3 Qa5 13. a3 b5 14. e5 Ncxe5 15. f4 bxc4 16. fxe5 Nxe5 {0-1 (46) Papin,V (2561)-Tkachiev,V (2650) Warsaw 2012}) 8... Be6 9. O-O Qd7 $146 ({Predecessor:} 9... O-O 10. Be3 a6 11. Rb1 {0-1 (41) Pasionek,A (1988)-Ziemniak,P (1830) Pstragowa 2014}) 10. Nf4 Nh5 11. Nxe6 fxe6 12. Be3 e5 13. Nd5 O-O 14. Qd2 Nd4 15. Bxd4 exd4 16. Qg5 Rae8 17. g4 Bf6 18. Nxf6+ Nxf6 19. h4 e5 20. h5 Qg7 21. h6 Qe7 22. f4 exf4 23. Rxf4 Qe5 24. Rf5 Qe7 25. Raf1 Nd7 26. Rxf8+ Nxf8 27. Qd5+ (27. Qxe7 $142 Rxe7 {[#]} 28. e5 $1 Rxe5 29. Bxb7) 27... Ne6 28. g5 Qxg5 29. Qxb7 Qe3+ 30. Kh2 Qxh6+ 31. Bh3 Ng5 32. Qd7 Qxh3+ 33. Qxh3 Nxh3 34. Kxh3 Rf8 35. Rxf8+ $2 (35. Rd1) 35... Kxf8 36. b4 $19 0-1